 Dungeon Crawl Stone Soup version 0.30.0-11-gf55b779eaf (webtiles) character file.

Game seed: 18415799344761237119

72867 jasper the Imperceptible (level 15, -32/80 HPs)
             Began as a Spriggan Delver on May 16, 2023.
             Was the Champion of Wu Jian.
             Killed from afar by a tengu reaver (48 damage)
             ... with a bolt of cold
             ... on level 12 of the Dungeon.
             The game lasted 00:42:54 (19475 turns).

jasper the Imperceptible (Spriggan Delver)         Turns: 19475, Time: 00:42:54

Health: -32/80     AC:  9    Str: 10    XL:     15   Next: 2%
Magic:  26/26      EV: 18    Int: 20    God:    Wu Jian [******]
Gold:   1332       SH: 13    Dex: 19    Spells: 16/28 levels left

rFire   . . .        k - +7 quick blade "Giantbane" {flame, Str+2 Int+3}
rCold   . . .        i - +2 buckler {rN+}
rNeg    + + .        L - +0 troll leather armour
rPois   .            b - +1 hat
rElec   .            (no cloak)
rCorr   .            (gloves unavailable)
SInv    +            (boots unavailable)
Will    ++...        J - amulet of reflection
Stlth   ++++++++     s - +4 ring of protection
HPRegen 1.13/turn    j - ring of positive energy
MPRegen 0.20/turn

%: reflection
@: lethally poisoned (-32 -> -40), very quick
A: very small, no large weapons, unfitting armour, see invisible, speed 3
a: Renounce Religion, Wall Jump, Serpent's Lash, Heavenly Storm


You were on level 12 of the Dungeon.
You worshipped Wu Jian.
Wu Jian was exalted by your worship.
You visited 4 branches of the dungeon, and saw 20 of its levels.

You collected 1938 gold pieces.
You spent 606 gold pieces at shops.

Inventory:

Hand Weapons
 k - the +7 quick blade "Giantbane" (weapon) {flame, Str+2 Int+3}
   (You acquired it on level 3 of the Dungeon)

   Str:       It affects your strength (+2).
   Int:       It affects your intelligence (+3).
Missiles
 h - 8 boomerangs
 x - an atropa-tipped dart
 y - 10 curare-tipped darts
 D - 30 poisoned darts (quivered)
Armour
 b - a +1 hat (worn)
 i - a +2 buckler of positive energy (worn)
 L - a +0 troll leather armour (worn)
Jewellery
 j - a ring of positive energy (right hand)
 r - a ring of flight
 s - a +4 ring of protection (left hand)
 u - the ring of Cava {Wiz rF+ Dex-3 SInv}
   (You found it on level 2 of the Dungeon)

   [ring of wizardry]

   It improves your spell success rate.
   Dex:       It affects your dexterity (-3).
   rF:        It protects you from fire.
   SInv:      It lets you see invisible.
 z - a ring of resist corrosion
 B - the ring of the Lion {rElec rN+ Will- Int+4}
   (You found it on level 5 of the Dungeon)

   [ring of positive energy]

   Int:       It affects your intelligence (+4).
   rElec:     It insulates you from electricity.
   rN:        It protects you from negative energy.
   Will:      It decreases your willpower.
 C - a ring of protection from cold
 G - a ring of fire
 J - an amulet of reflection (around neck)
 W - a +4 ring of slaying
Wands
 g - a wand of digging (20)
 I - a wand of flame (4)
 O - a wand of polymorph (5)
 P - a wand of paralysis (7)
 V - a wand of light (2)
Scrolls
 a - 6 scrolls of identify
 c - 2 scrolls of fog
 d - 7 scrolls of magic mapping
 e - 2 scrolls of fear
 n - 11 scrolls of teleportation
 o - a scroll of silence
 q - a scroll of blinking
 w - 3 scrolls of enchant weapon
 F - 5 scrolls of enchant armour
 H - 2 scrolls of summoning
 N - 2 scrolls of immolation
Potions
 f - 2 potions of haste
 l - 9 potions of heal wounds
 p - 6 potions of curing
 t - 3 potions of degeneration
 v - a potion of flight
 A - 5 potions of mutation
 E - 2 potions of might {unknown}
 K - 2 potions of resistance
 M - 2 potions of cancellation
 Q - 3 potions of brilliance
 R - a potion of berserk rage
 T - 2 potions of ambrosia
 U - 3 potions of lignification
 X - 4 potions of attraction
Miscellaneous
 m - a phantom mirror (inert)
 Z - a box of beasts (inert)


   Skills:
 - Level 10.0 Fighting
 - Level 8.0 Short Blades
 - Level 5.0 Throwing
 - Level 5.0 Dodging
 + Level 22.0 Stealth
 - Level 5.5 Shields
 - Level 7.0 Spellcasting
 - Level 12.0 Hexes
 * Level 10.2 Summonings


You had 16 spell levels left.
You knew the following spells:

 Your Spells              Type           Power      Damage    Failure   Level
a - Summon Mana Viper     Hex/Summ       51%        N/A       5%          5
b - Monstrous Menagerie   Summ           24%        N/A       92%         7

Your spell library contained the following spells:

 Spells                   Type           Power      Damage    Failure   Level
 Dazzling Flash           Conj/Hex       62%        N/A       4%          3
 Fulminant Prism          Conj/Hex       15%        3d10      16%         4
 Beastly Appendage        Tmut           14%        N/A       19%         1
 Magic Dart               Conj           28%        1d4       19%         1
 Animate Armour           Summ/Erth      54%        N/A       22%         4
 Summon Ice Beast         Ice/Summ       27%        N/A       22%         4
 Cigotuvi's Dreadful Rot  Necr/Pois/Air  14%        N/A       26%         2
 Lesser Beckoning         Tloc           14%        N/A       26%         2
 Searing Ray              Conj           14%        2d5       26%         2
 Wereblood                Tmut           7%         N/A       26%         2
 Gell's Gravitas          Tloc           7%         N/A       47%         3
 Ignite Poison            Fire/Tmut/Pois 7%         N/A       47%         3
 Spider Form              Tmut/Pois      7%         N/A       47%         3
 Stone Arrow              Conj/Erth      14%        3d7       47%         3
 Teleport Other           Tloc           7%         N/A       47%         3
 Volatile Blastmotes      Fire/Tloc      14%        2d11      47%         3
 Iskenderun's Mystic Bla  Conj/Tloc      7%         2d4       87%         4
 Sticky Flame             Conj/Fire      7%         2d3       87%         4
 Freezing Cloud           Conj/Ice/Air   3%         6-21      99%         5
 Starburst                Conj/Fire      3%         6d3       100%        6
 Ignition                 Fire           3%         3d4       100%        8
 Lehudib's Crystal Spear  Conj/Erth      3%         10d3      100%        8


Dungeon Overview and Level Annotations

Branches:
Dungeon (12/15)            Temple (1/1) D:7            Lair (5/5) D:10
  Swamp (0/4) Lair:2        Snake (0/4) Lair:3        Slime (0/5) Lair:5
    Orc (2/2) D:11            Elf (0/3) Orc:2

Altars:
Ashenzari
Cheibriados
Dithmenos
Elyvilon
Fedhas
Hepliaklqana
Kikubaaqudgha
Makhleb
Nemelex Xobeh
Okawaru
Qazlal
Uskayaw
Vehumet
Wu Jian
Xom
Yredelemnul
Jiyva

Shops:
D:5 *   Orc:2 [:*[

Annotations:
D:5 3 runed translucent doors, browni3141's ghost, novice DjFi
D:8 6 transporters
Lair:5 Snorg


Innate Abilities, Weirdness & Mutations

You are very small and have problems with some larger weapons.
You are too small for most types of armour.
You have supernaturally acute eyesight. (SInv)
You cover ground extremely quickly. (Speed+++)


Message History

You take 27 damage, and have 53/80 hp.
MASSIVE DAMAGE!!
Throw: 2 darts (atropa)
Press: ? - help, Shift-Dir - straight line, f/p - tengu reaver
Aim: a tengu reaver, wielding a +3 vampiric great sword and wearing a +1 ring mail of cold resistance (51% to hit, chance to blind on hit: 31%)
You throw an atropa-tipped dart.
The atropa-tipped dart closely misses the tengu reaver.
The tengu reaver casts a spell at you. The bolt of poison hits you!!
You are poisoned.
* * * LOW HITPOINT WARNING * * *
You take 30 damage, and have 23/80 hp.
MASSIVE DAMAGE!!
Aiming: Bolt of Light
Press: ? - help, Shift-Dir - straight line, f/p - tengu reaver
Aim: a tengu reaver, wielding a +3 vampiric great sword and wearing a +1 ring mail of cold resistance (50% to hit)
Okay, then.
Throw: throwing net
Press: ? - help, Shift-Dir - straight line, f/p - tengu reaver
Aim: a tengu reaver, wielding a +3 vampiric great sword and wearing a +1 ring mail of cold resistance (51% to hit)
You throw a throwing net. The throwing net hits the tengu reaver.
The tengu reaver is caught in the net!
You feel very sick.
You take 3 damage, and have 20/80 hp.
You hit the tengu reaver. You burn the tengu reaver.
The tengu reaver is lightly wounded.
You feel sick.
The tengu reaver struggles against the net.
You take 2 damage, and have 18/80 hp.
You strike the helpless tengu reaver from behind!
You skewer the tengu reaver like a kebab!!!
You burn the tengu reaver!
The tengu reaver is severely wounded.
You feel sick.
You take 1 damage, and have 17/80 hp.
You hit the tengu reaver. You burn the tengu reaver.
The tengu reaver is almost dead.
You feel sick.
The tengu reaver points at you and mumbles some strange words.
The bolt of cold hits you!!!
Ouch! That really hurt!
You die...

#####.#############.#..#####
# #.# #........###### # ###
### ####.###......# #♣ ♣ ♣.♣
♣♣.♣♣######.# #.♣♣.♣# ♣.♣
♣.♣.♣ #.# ♣#..♣♣.###.##
#♣.♣.♣# #.# ~#♣..♣.##.(.#
#+## #.♣♣♣.# #.#
.#♣♣...##...###Q†# #.♣.♣.#
##.# .#..)..♣.....##[@#
#.♣.♣.# #.#.
.#.).†.♣.....###=# #.♣.♣.#
##.# .((...)...~....#'#
#..≈..# ###
(#)..♣.♣.....#.#.###.♣.♣.#
~#...♣.♣.....#.#..##.♣.♣.#
~#..♣♣.##...##.#[†##.♣)♣.#
~#♣..♣.##...##.##'##.♣♣♣.#
♣#♣♣...###.###.....#♣.♣.♣# ♣
♣♣..# ♣.♣ #.♣♣♣.#♣.♣.♣


You could see a tengu reaver (caught).

Vanquished Creatures
  A fire dragon (D:12)
  A centaur warrior (D:11)
  A hydra (Lair:2)
  A catoblepas (Lair:4)
  2 ogre magi (Orc:2)
  5 boulder beetles
  13 two-headed ogres
  Nergalle (Lair:1)
  A fire crab (shapeshifter) (D:12)
  A skeletal warrior (D:11)
  2 deep trolls (Orc:2)
  A bog body (Lair:2)
  4 deep elf pyromancers (D:12)
  A lindwurm (Lair:3)
  Pikel (D:4)
  2 orc sorcerers (Orc:1)
  An orc knight (Orc:2)
  A wolf spider (D:12)
  2 manticores
  7 cyclopes
  4 ugly things (D:12)
  5 elephants (Lair:4)
  6 torpor snails
  3 black mambas
  4 gargoyles
  11 cane toads
  2 rime drakes
  9 komodo dragons
  An unseen horror (D:12)
  A polar bear (Lair:4)
  12 trolls
  4 tyrant leeches (Lair:5)
  25 blink frogs
  2 hornets
  4 dream sheep (Lair:3)
  2 slime creatures (D:12)
  6 wyverns
  3 wraiths
  2 shadows (D:11)
  3 vampires
  5 humans (D:9)
  6 basilisks
  31 yaks
  A steam dragon (Lair:3)
  13 vampire mosquitoes
  2 wargs (Orc:1)
  3 acid dragons
  8 water moccasins
  An ice beast (D:8)
  13 orc warriors
  A black bear (Lair:3)
  6 wolves
  22 ogres
  4 boggarts (Lair:3)
  11 centaurs
  2 lemures (D:4)
  5 phantoms
  2 kobold brigands
  Blork the orc (D:4)
  15 bullfrogs
  3 scorpions
  3 wights (D:9)
  13 killer bees
  4 electric eels
  8 howler monkeys
  2 lava snakes (D:9)
  4 jellies
  9 hounds
  2 sleepcaps
  2 iguanas
  14 orc priests
  19 orc wizards
  Ijyb (D:5)
  6 ogre zombies (D:11)
  7 adders
  6 gnolls (D:4)
  A shadow imp (D:7)
  A white imp (D:7)
  2 worms
  4 dart slugs (D:2)
  71 orcs
  5 endoplasms
  6 giant cockroaches
  10 goblins
  13 hobgoblins
  7 jackals
  11 kobolds
  A quokka (D:1)
  7 ball pythons
  2 bats
  2 frilled lizards
  A goblin skeleton (D:11)
  2 goblin zombies (D:11)
  4 hobgoblin skeletons (D:11)
  A hobgoblin zombie (D:11)
  An orc skeleton (D:11)
  10 orc zombies (D:11)
  2 rats
577 creatures vanquished.

Vanquished Creatures (collateral kills)
  A hydra (Lair:5)
  2 cane toads (Lair:5)
  A gargoyle (D:12)
  A troll (Orc:2)
  7 blink frogs (Lair:5)
  A slime creature (D:12)
  An acid dragon (D:12)
  A warg (Orc:1)
  A water moccasin (Lair:5)
  A centaur (D:12)
  An ogre (Orc:1)
  An orc warrior (D:12)
  2 bullfrogs (Lair:5)
  A jelly (Lair:5)
  2 orc priests (Orc:1)
  2 orcs (Orc:1)
  An endoplasm (Lair:5)
27 creatures vanquished.

Vanquished Creatures (others)
  A manticore (D:12)
  A troll (D:12)
2 creatures vanquished.

Grand Total: 606 creatures vanquished

Notes
Turn   | Place    | Note
-------+----------+-------------------------------------------
     0 | D:5      | jasper the Spriggan Delver began the quest for the Orb.
     0 | D:5      | Reached XP level 1. HP: 11/11 MP: 2/2
     4 | D:4      | Noticed Pikel
     4 | D:4      | Noticed a lemure
     4 | D:4      | Noticed a lemure
     6 | D:4      | Noticed a lemure
    28 | D:4      | Noticed an iguana
   127 | D:3      | Found a radiant altar of Vehumet.
   329 | D:2      | Reached XP level 2. HP: 16/16 MP: 3/3
   620 | D:2      | Reached XP level 3. HP: 12/19 MP: 4/4
  1252 | D:1      | Found a faded altar of an unknown god.
  1304 | D:2      | Identified the ring of Cava {Wiz rF+ Dex-3 SInv}
  1430 | D:2      | Reached XP level 4. HP: 23/23 MP: 5/5
  2290 | D:3      | Identified a scroll of acquirement
  2290 | D:3      | Acquired the +7 quick blade "Giantbane" {flame, Str+2
                  | Int+3}
  2438 | D:4      | Reached skill level 8 in Stealth
  2449 | D:4      | Reached XP level 5. HP: 25/28 MP: 6/6
  2642 | D:4      | Noticed a lemure
  2670 | D:4      | Killed a lemure
  2702 | D:4      | Killed a lemure
  2729 | D:4      | Killed Pikel
  2730 | D:4      | Reached skill level 5 in Dodging
  2730 | D:4      | Reached skill level 9 in Stealth
  2730 | D:4      | Reached XP level 6. HP: 32/33 MP: 7/7
  2730 | D:4      | Reached XP level 7. HP: 36/37 MP: 8/8
  2894 | D:4      | Noticed Blork the orc
  2920 | D:4      | Killed Blork the orc
  3352 | D:5      | Reached XP level 8. HP: 25/42 MP: 9/9
  3362 | D:5      | Reached skill level 10 in Stealth
  3552 | D:5      | Identified the ring of the Lion {rElec rN+ Will- Int+4}
  3563 | D:5      | Noticed a +0 spear
  3564 | D:5      | Noticed a +0 dagger
  3565 | D:5      | Noticed a +0 spear
  3565 | D:5      | Noticed a +0 short sword
  3565 | D:5      | Noticed a +0 dagger
  3565 | D:5      | Noticed a +0 short sword
  3565 | D:5      | Noticed a +0 falchion
  3567 | D:5      | Noticed a +0 falchion
  3569 | D:5      | Found a hide-covered altar of Uskayaw.
  3635 | D:5      | Found a runed translucent gate.
  3635 | D:5      | Found a runed translucent gate.
  3635 | D:5      | Found a runed translucent gate.
  3641 | D:5      | Noticed browni3141's ghost (novice DjFi)
  3743 | D:5      | Found Regg's Fire Supplies.
  3795 | D:5      | Noticed Ijyb
  3802 | D:5      | Killed Ijyb
  3828 | D:5      | Found a broken altar of Ashenzari.
  3829 | D:5      | Found a shadowy altar of Dithmenos.
  4160 | D:7      | Noticed a hornet
  4168 | D:7      | Reached skill level 5 in Fighting
  4168 | D:7      | Reached skill level 11 in Stealth
  4444 | D:6      | Reached skill level 1 in Throwing
  4542 | D:6      | Found a white marble altar of Elyvilon.
  5013 | D:7      | Reached XP level 9. HP: 48/48 MP: 10/10
  5056 | D:7      | Reached skill level 12 in Stealth
  5397 | D:7      | Found a staircase to the Ecumenical Temple.
  5435 | Temple   | Entered the Ecumenical Temple
  5443 | Temple   | Became a worshipper of the Wu Jian Council
  6013 | D:8      | Found a transporter.
  6107 | D:8      | Reached skill level 13 in Stealth
  6320 | D:8      | Found a transporter.
  6444 | D:8      | Reached * piety under Wu Jian
  6481 | D:8      | Reached skill level 5 in Throwing
  6487 | D:8      | Reached XP level 10. HP: 50/55 MP: 11/11
  6500 | D:8      | Reached skill level 14 in Stealth
  6615 | D:8      | Found a transporter.
  6826 | D:8      | Found a transporter.
  6988 | D:8      | Found a transporter.
  6990 | D:8      | Found a transporter.
  7087 | D:9      | Noticed a two-headed ogre
  7091 | D:9      | Killed a two-headed ogre
  7092 | D:9      | Reached skill level 15 in Stealth
  7333 | D:9      | Identified the +1 scale mail of Twilight {-Tele rF++ Int+3
                  | Stlth+}
  7388 | D:9      | Found a basalt altar of Yredelemnul.
  7598 | D:9      | Found a shimmering altar of Xom.
  7767 | D:9      | Reached ** piety under Wu Jian
  7822 | D:9      | Reached skill level 16 in Stealth
  8264 | D:10     | Entered Level 10 of the Dungeon
  8273 | D:10     | Found a staircase to the Lair.
  8342 | D:10     | Reached XP level 11. HP: 58/60 MP: 12/12
  8443 | D:10     | Reached skill level 17 in Stealth
  8631 | D:10     | Noticed a two-headed ogre
  8655 | D:10     | Killed a two-headed ogre
  8844 | D:10     | Found an ancient bone altar of Kikubaaqudgha.
  8847 | D:10     | Found a blossoming altar of Fedhas.
  8933 | D:11     | Found the +8 trident of the Octopus King {venom, rElec
                  | rPois}
  9016 | D:11     | Noticed a boulder beetle
  9018 | D:11     | Killed a boulder beetle
  9076 | D:11     | Noticed a skeletal warrior
  9079 | D:11     | Noticed a centaur warrior
  9080 | D:11     | Killed a skeletal warrior
  9080 | D:11     | Reached *** piety under Wu Jian
  9082 | D:11     | Noticed a two-headed ogre
  9082 | D:11     | Killed a centaur warrior
  9083 | D:11     | Reached skill level 18 in Stealth
  9083 | D:11     | Noticed a boulder beetle
  9154 | Lair:1   | Entered Level 1 of the Lair of Beasts
  9161 | Lair:1   | Learned a level 5 spell: Summon Mana Viper
  9273 | Lair:1   | Noticed Nergalle
  9279 | Lair:1   | Killed Nergalle
  9280 | Lair:1   | Reached skill level 10 in Fighting
  9344 | Lair:1   | Reached skill level 1 in Hexes
  9357 | Lair:1   | Reached skill level 1 in Summonings
  9419 | Lair:1   | Found a snail-covered altar of Cheibriados.
  9901 | Lair:1   | Reached skill level 19 in Stealth
  9914 | Lair:1   | Reached XP level 12. HP: 67/67 MP: 13/13
 10047 | Lair:1   | Reached skill level 5 in Hexes
 10275 | Lair:2   | Noticed a five-headed hydra
 10279 | Lair:2   | Killed a five-headed hydra
 10391 | Lair:2   | Reached **** piety under Wu Jian
 10588 | Lair:2   | Found a staircase to the Swamp.
 11167 | Lair:2   | Reached skill level 1 in Shields
 11167 | Lair:2   | Reached skill level 5 in Summonings
 11486 | Lair:3   | Reached skill level 1 in Spellcasting
 11826 | Lair:3   | Found a staircase to the Snake Pit.
 12032 | Lair:3   | Reached ***** piety under Wu Jian
 12579 | Lair:4   | Noticed a catoblepas
 12934 | Lair:4   | Reached XP level 13. HP: 45/72 MP: 18/18
 12967 | Lair:4   | Reached skill level 20 in Stealth
 13063 | Lair:4   | Learned a level 7 spell: Monstrous Menagerie
 13866 | D:11     | Found a staircase to the Orcish Mines.
 14788 | Orc:1    | Entered Level 1 of the Orcish Mines
 14942 | Orc:2    | Entered Level 2 of the Orcish Mines
 14966 | Orc:2    | Found a staircase to the Elven Halls.
 14979 | Orc:2    | Reached skill level 10 in Hexes
 15245 | Orc:2    | Found Zooptao's Book Shoppe.
 15245 | Orc:2    | Found Tuvyq's Antique Armour Boutique.
 15252 | Orc:2    | Reached ****** piety under Wu Jian
 15254 | Orc:2    | Reached skill level 5 in Spellcasting
 15867 | Orc:2    | Reached XP level 14. HP: 64/77 MP: 23/23
 15964 | Orc:2    | Found Aseg's Armour Emporium.
 15982 | Orc:2    | Found Vianit's Assorted Antiques.
 15985 | Orc:2    | Bought a runed hat for 224 gold pieces
 15985 | Orc:2    | Bought a shiny buckler for 240 gold pieces
 16006 | Orc:2    | Bought a bubbling coppery potion for 26 gold pieces
 16006 | Orc:2    | Bought a scroll of identify for 58 gold pieces
 16006 | Orc:2    | Bought a scroll of identify for 58 gold pieces
 16682 | Lair:5   | Entered Level 5 of the Lair of Beasts
 16713 | Lair:5   | Found a viscous altar of Jiyva.
 16713 | Lair:5   | Found a staircase to the Slime Pits.
 17200 | Lair:5   | Reached skill level 21 in Stealth
 17725 | Lair:5   | Noticed Snorg
 18679 | D:12     | Reached skill level 5 in Shields
 18949 | D:12     | Noticed a sphinx
 19341 | D:12     | Reached skill level 10 in Summonings
 19464 | D:12     | Noticed a tengu reaver
 19467 | D:12     | Reached skill level 22 in Stealth
 19467 | D:12     | Reached XP level 15. HP: 80/80 MP: 26/26
 19475 | D:12     | Killed from afar by a tengu reaver

Illustrated notes

Levels and vault maps discovered:
D:1:      mushboom_english_gardens, layout_rooms,
          dilly_ecumenical_altar_fadedgnrine
D:2:      layout_rooms, minmay_heptomino_h4
D:3:      layout_rooms, nicolae_vehumet_radiance, serial_forest,
          infiniplex_forest_end_3, infiniplex_forest_clump_tiny,
          infiniplex_forest_straight_4, infiniplex_forest_zigzag_1,
          infiniplex_forest_pool, infiniplex_forest_lined_3_way,
          infiniplex_forest_clump_curved, infiniplex_forest_lined_ring,
          minmay_misc_feat_nine_boxes, minmay_misc_feat_x, st_stairs_6,
          serial_bayou_crossing
D:4:      layout_loops_ring, uniq_blork_the_orc, uniq_pikel
D:5:      layout_loops_ring, nicolae_uskayaw_en_pointe,
          mainiacjoe_overflow_divided_tiny, gammafunk_ghost_necromancy,
          gup_sewer_entry_glass, nicolae_shop_fire_sale
          [nicolae_sub_dead_trees], uniq_ijyb
D:6:      layout_rooms, kennysheep_little_box
D:7:      layout_loops_ring, temple_green, minmay_misc_feat_secret_circle,
          minmay_chambers_of_fives
D:8:      layout_cave_pods, serial_nicolae_subway, nicolae_sub_station_crystal,
          nicolae_sub_station_metal, nicolae_sub_station_stone
D:9:      layout_grid_maze, mainiacjoe_overflow_catch_the_wave, minmay_ruffians
D:10:     layout_rooms, grunt_temple_overflow_growth_and_decay,
          erik_lair_island, serial_curves, eino_curves_04, eino_curves_03
D:11:     layout_loops_cross, zombieorc1_lemuel,
          minmay_fractal_squares_gapless_7
D:12:     nzn_winding_woodlands_huge [nzn_winding_woodlands_5x15_eye,
          nzn_winding_woodlands_5x15_river_crossing,
          nzn_winding_woodlands_5x15_sidewinder,
          nzn_winding_woodlands_5x15_sawtooth,
          nzn_winding_woodlands_5x15_longhouse, nzn_winding_woodlands_5x15_pool,
          nzn_winding_woodlands_5x15_crooked, nzn_winding_woodlands_5x15_garden,
          nzn_winding_woodlands_5x15_lazy_stream,
          nzn_winding_woodlands_5x15_pockets,
          nzn_winding_woodlands_center_garden,
          nzn_winding_woodlands_center_lodge,
          nzn_winding_woodlands_15x15_thick_spiral], layout_loops_ring,
          minmay_fountain_box
Temple:   nicolae_temple_bog_church
Lair:1:   layout_chaotic_city, chequers_serial_rivers_micro_a,
          kennysheep_snail_temple, serial_bayou_shore_b, uniq_nergalle
Lair:2:   layout_roguey, skrybe_swamp_entry_bodies, infiniplex_staircase_pool
Lair:3:   layout_small_grid, dummy_snake_entry, kilobyte_rumbling_trees
Lair:4:   layout_cave_pods
Lair:5:   minmay_lair_end_frog_pond, layout_loops_ring,
          nicolae_slime_entry_slimehenge, uniq_snorg
Orc:1:    layout_caves, minmay_orc_temple_b
Orc:2:    st_orc_open, layout_diamond_mine

Skill      XL: |  1  2  3  4  5  6  7  8  9 10 11 12 13 14 |
---------------+-------------------------------------------+-----
Dodging        | 3 5 |  5.0
Short Blades   | 3 4 6 7 8 |  8.0
Fighting       | 3 4 5 7 8 10 | 10.0
Stealth        | 8 9 11 13 16 19 20 22 | 22.0
Throwing       | 2 5 |  5.0
Hexes          | 4 8 11 12 | 12.0
Summonings     | 3 6 7 10 | 10.2
Shields        | 2 3 5 |  5.5
Spellcasting   | 3 5 7 |  7.0

Action                     |  1- 3 |  4- 6 |  7- 9 | 10-12 | 13-15 || total
---------------------------+-------+-------+-------+-------+-------++-------
  Melee: Dagger            |   142 |    49 |       |       |       ||   191
         Punch             |     2 |       |     3 |     7 |       ||    12
         Quick blade       |       |    56 |   324 |   899 |  1375 ||  2654
  Throw: Dart              |       |     4 |    26 |    29 |    84 ||   143
         Throwing net      |       |       |     1 |       |     3 ||     4
   Cast: Summon Mana Viper |       |       |       |       |    23 ||    23
Ability: Lunge             |       |       |    12 |    72 |    89 ||   173
         Whirlwind         |       |       |       |    59 |    73 ||   132
         Wall Jump         |       |       |       |     1 |       ||     1
  Evoke: Wand              |     4 |     3 |       |    12 |    11 ||    30
         Box of beasts     |       |       |       |       |     1 ||     1
         Phantom mirror    |       |       |       |       |     1 ||     1
    Use: Scroll            |       |     9 |     7 |     5 |     9 ||    30
         Potion            |       |     1 |       |       |       ||     1
   Stab: Sleeping          |     6 |     4 |    16 |    43 |    46 ||   115
         Distracted        |     1 |       |       |     3 |    10 ||    14
         Invisible         |       |     1 |     4 |     3 |    14 ||    22
         Held in net/web   |       |       |     1 |       |     3 ||     4
         Paralysed         |       |       |       |     2 |       ||     2
         Confused          |       |       |       |     1 |       ||     1
 Armour: Robe              |     8 |     4 |    22 |     6 |       ||    40
         Troll leather arm |       |       |       |    30 |    62 ||    92
  Dodge: Dodged            |    80 |    52 |   103 |   189 |   267 ||   691
  Block: Buckler           |       |       |       |    22 |   259 ||   281
         Reflection        |       |       |       |       |     7 ||     7
